 Dungeon Crawl Stone Soup version 0.20.1-1-g8b1a95d (webtiles) character file.

2854 Andry07 the Fighter (level 9, 0/65 HPs)
             Began as a Gargoyle Fighter on Oct 9, 2017.
             Was a Priest of Okawaru.
             Killed by divine providence
             ... invoked by an orc priest
              (14 damage)
             ... on level 8 of the Dungeon.
             The game lasted 00:11:09 (7369 turns).

Andry07 the Fighter (Gargoyle Fighter)              Turns: 7369, Time: 00:11:39

Health: 0/65       AC: 11    Str: 23    XL:     9   Next: 75%
Magic:  9/9        EV:  7    Int:  7    God:    Okawaru [***...]
Gold:   354        SH:  9    Dex:  9    Spells: 8/8 levels left

rFire    . . .     SeeInvis .   a - +0 flail
rCold    . . .     Gourm    .   c - +0 shield
rNeg     + . .     Faith    .   b - +0 scale mail
rPois    ∞         Spirit   .   (no helmet)
rElec    +         Reflect  .   (no cloak)
rCorr    .         Harm     .   F - +0 pair of gloves
MR       .....                  k - +0 pair of boots
Stlth    ..........             n - amulet of regeneration
Regen    0.0/turn               (no ring)
MPRegen  0.2/turn               (no ring)

@: no status effects
A: deformed body, dopey 1, negative energy resistance 1, electricity resistance,
inhibited regeneration, wild magic 1, unbreathing, petrification resistance, rot
immunity, AC +5
a: Heroism, Renounce Religion


You were on level 8 of the Dungeon.
You worshipped Okawaru.
Okawaru was most pleased with you.
You were hungry.

You visited 2 branches of the dungeon, and saw 10 of its levels.

You collected 486 gold pieces.
You spent 132 gold pieces at shops.

Inventory:

Hand Weapons
 a - a +0 flail (weapon)
Armour
 b - a +0 scale mail (worn)
 c - a +0 shield (worn)
 k - a +0 pair of boots (worn)
 F - a +0 pair of gloves (worn)
Jewellery
 m - an uncursed ring of teleportation
 n - an amulet of regeneration (around neck)
Wands
 s - a wand of polymorph (19/24)
 t - a wand of random effects (33/48)
 A - a wand of paralysis (17/24)
 B - a wand of lightning (3/15)
 M - a wand of flame (36/48)
Scrolls
 e - 2 scrolls of amnesia
 h - 5 scrolls of enchant weapon
 l - 3 scrolls of remove curse
 p - a scroll of noise
 q - a scroll of fear
 r - a scroll of random uselessness
 z - a scroll of teleportation
 I - a scroll of magic mapping
 J - a scroll of recharging {unknown}
 K - a scroll of immolation {unknown}
 N - a scroll of fog {unknown}
Potions
 d - 2 potions of might
 g - 3 potions of curing
 i - a potion of invisibility
 j - a potion of berserk rage
 o - a potion of brilliance
 u - 4 potions of heal wounds
 w - a potion of degeneration
 x - a potion of resistance
 D - 2 potions of flight
 E - a potion of lignification {unknown}
 G - a potion of agility {unknown}
Books
 y - a book of Maledictions

   Spells                             Type                      Level
   a - Corona                         Hexes                        1
   b - Ensorcelled Hibernation        Hexes/Ice                    2
   c - Confuse                        Hexes                        3
   d - Tukima's Dance                 Hexes                        3
   e - Dazzling Spray                 Conjuration/Hexes            3
 C - a book of Misfortune

   Spells                             Type                      Level
   a - Confusing Touch                Hexes                        1
   b - Confuse                        Hexes                        3
   c - Gell's Gravitas                Translocation                3
   d - Petrify                        Transmutation/Earth          4
   e - Metabolic Englaciation         Hexes/Ice                    5
   f - Yara's Violent Unravelling     Hexes/Transmutation          5
 L - a book of Callings

   Spells                             Type                      Level
   a - Summon Small Mammal            Summoning                    1
   b - Call Imp                       Summoning                    2
   c - Call Canine Familiar           Summoning                    3
   d - Summon Guardian Golem          Hexes/Summoning              3
   e - Summon Lightning Spire         Summoning/Air                4
   f - Summon Ice Beast               Ice/Summoning                4
Comestibles
 f - 6 bread rations
 v - 7 meat rations
 H - 3 fruits


   Skills:
 * Level 11.7 Fighting
 + Level 8.1 Maces & Flails
 - Level 3.2 Armour
 - Level 3.2 Shields


You had 8 spell levels left.
You didn't know any spells.

Dungeon Overview and Level Annotations

Branches:
Dungeon (9/15)             Temple (1/1) D:4
   Lair: D:8-11         Orc: D:9-12

Altars:
Cheibriados
Dithmenos
Elyvilon
Fedhas
Gozag
Hepliaklqana
Kikubaaqudgha
Makhleb
Nemelex Xobeh
Okawaru
Qazlal
Ru
Sif Muna
Trog
Uskayaw
Vehumet
Xom
Yredelemnul
Zin
Lugonu

Shops:
D:6 %   D:9 }!

Annotations:
D:6 Pikel


Innate Abilities, Weirdness & Mutations

You are resistant to torment.
Your stone body is resilient. (AC +5)
You are immune to poison.
You resist negative energy. (rN+)
You are resistant to electric shocks. (rElec)
You can survive without breathing.
You are immune to petrification.
You are immune to rotting.
Armour fits poorly on your strangely shaped body.
You are dopey. (Int -2)
You do not regenerate when monsters are visible.
Your spells are a little harder to cast, but a little more powerful.


Message History

Okawaru accepts your kill.
The orc priest looks satisfied for a moment.
A worker ant comes into view.
The worker ant twitches its antennae in your direction.
You hit the orc.
The orc is moderately wounded.
The orc hits you with a flail.
* * * LOW HITPOINT WARNING * * *
You closely miss the orc.
The orc is lightly wounded.
The orc closely misses you.
A kobold comes into view.
The kobold shouts!
You sock the orc!
You kill the orc!
Okawaru accepts your kill.
The kobold moves out of view.
The orc priest calls down the wrath of Beogh upon you.
Beogh smites you!
You die...

...######.#)).....# #.#
...# #.#.......#######.#
...######.#...............#
..........#........##...###
###########........##...#
#........##...#
#.#......##...#
#.#########l..###..
#.....@)ooKK.......
###########a.......
#.#...... #H# ..... #.#
.... #.# .o. #.# o. #.# .
..#


You could see a big kobold, a worker ant, an orc priest, an orc, a leopard gecko
and a kobold.

Vanquished Creatures
  3 hippogriffs
  The ghost of archego the Firebug, an amateur HaFE of Okawaru (D:4)
  An orc warrior (D:9)
  2 ice beasts (D:8)
  2 sky beasts
  3 centaurs
  3 ogres
  A necrophage (D:9)
  A bullfrog (D:8)
  A howler monkey (D:5)
  2 crimson imps
  A centaur zombie (D:7)
  A bullfrog zombie (D:7)
  2 hounds
  9 orc wizards
  A centaur skeleton (D:7)
  2 iguanas
  Natasha (thrice) (D:3)
  6 worker ants
  Robin (D:2)
  8 adders
  A shadow imp (D:9)
  An ooze (D:5)
  3 dart slugs (D:1)
  4 leopard geckos
  20 orcs
  A ball python (D:3)
  2 giant cockroaches
  2 gnoll zombies (D:7)
  13 goblins
  14 hobgoblins
  16 jackals
  3 quokkas
  4 bats
  4 frilled lizards
  13 kobolds
  A quokka skeleton (D:5)
  2 quokka zombies
  11 rats
169 creatures vanquished.

Notes
Turn   | Place    | Note
-------+----------+-------------------------------------------
     0 | D:1      | Andry07 the Gargoyle Fighter began the quest for the Orb.
     0 | D:1      | Reached XP level 1. HP: 14/14 MP: 1/1
   148 | D:1      | Reached XP level 2. HP: 18/19 MP: 2/2
   602 | D:1      | Reached XP level 3. HP: 21/24 MP: 3/3
   932 | D:2      | Found a radiant altar of Vehumet.
   961 | D:2      | Found a stormy altar of Qazlal.
   997 | D:2      | Reached skill level 4 in Fighting
  1061 | D:2      | Found a white marble altar of Elyvilon.
  1269 | D:2      | Noticed Robin
  1279 | D:2      | Killed Robin
  1287 | D:2      | Reached XP level 4. HP: 29/29 MP: 4/4
  1798 | D:3      | Noticed Natasha
  1804 | D:3      | Killed Natasha
  1804 | D:3      | Reached XP level 5. HP: 32/34 MP: 5/5
  1907 | D:3      | Noticed Natasha
  1921 | D:3      | Killed Natasha
  1921 | D:3      | Reached skill level 5 in Fighting
  1925 | D:3      | Noticed Natasha
  1934 | D:3      | Killed Natasha
  1965 | D:3      | Found a sparkling altar of Nemelex Xobeh.
  2295 | D:4      | Noticed archego's ghost (amateur HaFE)
  2317 | D:4      | Killed archego's ghost
  2317 | D:4      | Reached skill level 6 in Fighting
  2317 | D:4      | Reached XP level 6. HP: 35/41 MP: 6/6
  2433 | D:4      | Found a shadowy altar of Dithmenos.
  2433 | D:4      | Found a sacrificial altar of Ru.
  2747 | D:4      | Reached skill level 5 in Maces & Flails
  2822 | D:4      | Found a snail-covered altar of Cheibriados.
  2884 | D:4      | Found a deep blue altar of Sif Muna.
  2902 | D:4      | Reached XP level 7. HP: 47/47 MP: 7/7
  3065 | D:4      | Found a staircase to the Ecumenical Temple.
  3071 | Temple   | Entered the Ecumenical Temple
  3111 | Temple   | Became a worshipper of Warmaster Okawaru
  3168 | D:5      | Entered Level 5 of the Dungeon
  3717 | D:5      | Found a sparkling altar of Nemelex Xobeh.
  3726 | D:5      | Reached skill level 7 in Fighting
  4080 | D:5      | Found a hazy altar of Hepliaklqana.
  4190 | D:6      | Found Ceum's Food Boutique.
  4483 | D:6      | Reached skill level 8 in Fighting
  4683 | D:6      | Noticed Pikel
  4721 | D:7      | Reached XP level 8. HP: 18/54 MP: 8/8
  5259 | D:7      | You fall through a shaft for 2 floors!
  5400 | D:9      | Reached * piety under Okawaru
  5517 | D:9      | Found Qigeeddo's Gadget Emporium.
  5554 | D:9      | Found Koygiat's Distillery.
  5586 | D:9      | Reached skill level 9 in Fighting
  5678 | D:9      | Bought a potion of mutation for 96 gold pieces
  5678 | D:9      | Bought a potion of flight for 36 gold pieces
  5678 | D:9      | Gained mutation: You are robust. (+10% HP) [potion of mutation]
  5678 | D:9      | Gained mutation: You are weak. (Str -2) [potion of mutation]
  5678 | D:9      | Gained mutation: You do not regenerate when monsters are visible. [potion of mutation]
  5678 | D:9      | Gained mutation: You are covered in fur. (AC +1) [potion of mutation]
  5679 | D:9      | Lost mutation: You are robust. (+10% HP) [potion of mutation]
  5679 | D:9      | Lost mutation: You are covered in fur. (AC +1) [potion of mutation]
  5679 | D:9      | Gained mutation: You are dopey. (Int -2) [potion of mutation]
  5679 | D:9      | Gained mutation: Your spells are a little harder to cast, but a little more powerful. [potion of mutation]
  5679 | D:9      | Gained mutation: Armour fits poorly on your strangely shaped body. [potion of mutation]
  5679 | D:9      | Lost mutation: You are weak. (Str -2) [potion of mutation]
  5766 | D:9      | Reached ** piety under Okawaru
  5789 | D:9      | Noticed a yak
  5790 | D:9      | Noticed a yak
  5790 | D:9      | Noticed a yak
  5791 | D:9      | Noticed a yak
  5842 | D:9      | Noticed a hippogriff
  5957 | D:9      | Killed a hippogriff
  5957 | D:9      | Reached skill level 10 in Fighting
  5957 | D:9      | Reached XP level 9. HP: 45/62 MP: 9/9
  6148 | D:7      | Found a basalt altar of Yredelemnul.
  6326 | D:7      | Found a glowing silver altar of Zin.
  6484 | D:7      | Found an ancient bone altar of Kikubaaqudgha.
  6491 | D:7      | Found a bloodstained altar of Trog.
  6939 | D:8      | Reached skill level 11 in Fighting
  7096 | D:8      | Reached *** piety under Okawaru
  7369 | D:8      | Killed from afar by an orc priest

Skill      XL: |  1  2  3  4  5  6  7  8  9 |
---------------+----------------------------+-----
Fighting       | 4 6 8 10 11 | 11.7
Maces & Flails | 3 4 5 7 8 |  8.1
Armour         | |  3.2
Shields        | |  3.2

Action                   |  1- 3 |  4- 6 |  7- 9 || total
-------------------------+-------+-------+-------++-------
Melee: Flail             |   128 |   232 |   463 ||   823
Invok: Heroism           |       |       |     1 ||     1
  Use: Scroll            |       |       |    16 ||    16
       Potion            |       |       |     3 ||     3
  Eat: Chunk             |       |     6 |    10 ||    16
       Bread ration      |       |       |     1 ||     1
       Fruit             |       |       |     1 ||     1
Armor: Scale mail        |    57 |   210 |   290 ||   557
Dodge: Dodged            |    26 |   106 |   101 ||   233
Block: Shield            |    62 |   164 |   224 ||   450
